Map: Bridgehead LE (Void)

Players

개시발

  • Race: Terran Terran

SticklerMac - Winner!

  • Race: Zerg Zerg
  • League: Grandmaster

VOD

Have the link to the VOD?

Description

Time

  • Played on: Sept. 19, 2015, 1:28 a.m.
  • Length: 17:30
Show
View Real Time Build Order
Export as new Build Order

개시발 Terran 

Build Orders: Mech 

Get SALT Encoding   

  12  0:05  SCV  
  13  0:17  SCV  
  14  0:29  SCV  
  14  0:31  Supply Depot  
  15  0:42  Refinery  
  15  0:53  SCV  
  15  0:54  Barracks  
  16  0:59  Refinery  
  16  1:05  SCV  
  17  1:17  SCV  
  18  1:29  SCV  
  19  1:36  Command Center  
  19  1:51  Supply Depot  
  19  1:56  Barracks Reactor  
  19  1:58  Orbital Command  
  19  2:17  Factory  
  19  2:32  Marine x2  
  21  2:38  SCV  
  23  3:05  SCV  
  23  3:09  Refinery  
  23  3:17  SCV  
  23  3:19  Factory  
  24  3:22  Barracks Tech Lab  
  26  3:27  Hellion x2  
  26  3:29  SCV  
  29  3:42  SCV  
  30  3:54  SCV, Starport  
  31  3:56  SCV  
  31  4:01  Engineering Bay  
  31  4:02  Hellion x2  
  36  4:04  Factory Reactor  
  36  4:06  SCV  
  36  4:08  SCV  
  36  4:09  Factory  
  38  4:18  SCV  
  38  4:20  SCV  
  38  4:23  Widow Mine  
  42  4:30  SCV  
  42  4:36  Starport Reactor  
  42  4:39  Hellion  
  44  4:52  Factory Tech Lab, Hellion  
  46  5:01  Supply Depot, Siege Tank  
  46  5:03  Supply Depot  
  46  5:04  SCV  
  50  5:07  Refinery  
  50  5:16  Siege Tank  
  50  5:17  SCV  
  54  5:22  Widow Mine x2  
  54  5:24  Supply Depot  
  54  5:26  Supply Depot  
  58  5:29  SCV  
  58  5:31  Supply Depot  
  59  5:36  Viking, Siege Tank  
  59  5:38  Marine  
  59  5:41  SCV  
  66  5:47  SCV  
  67  5:52  Hellion  
  67  5:53  SCV  
  67  5:56  Armory  
  70  6:05  SCV  
  70  6:11  Viking  
  73  6:17  SCV  
  74  6:27  Viking  
  74  6:29  SCV, Siege Tank, Widow Mine  
  74  6:30  Widow Mine  
  84  6:39  Marine x2  
  86  6:40  Viking  
  69  7:34  Siege Tank x2  
  69  7:35  Hellion x2, Marine x2  
  69  7:36  Viking x2  
  74  7:53  Marine  
  72  8:01  Widow Mine x2  
  74  8:06  Siege Tank x2  
  78  8:23  Viking x2  
  82  8:33  Marine x2  
  84  8:35  Command Center  
  84  8:38  Siege Tank, Orbital Command  
  84  8:40  Terran Infantry Weapons Level 1  
  87  8:47  Hellion x3  
  93  8:51  Marine  
  94  9:09  Supply Depot  
  94  9:11  Terran Vehicle Weapons Level 1  
  94  9:13  Supply Depot  
  94  9:17  SCV x2, Hellion x3  
  102  9:25  Supply Depot x2  
  102  9:30  SCV x2, Siege Tank  
  107  9:32  Supply Depot  
  107  9:38  Widow Mine  
  107  9:39  Hellion x2  
  107  9:41  Armory  
  107  9:42  SCV x2  
  115  9:48  Refinery  
  111  9:55  SCV  
  111  9:59  Widow Mine  
  112  10:00  Viking, Siege Tank  
  112  10:02  Siege Tank  
  112  10:06  Widow Mine  
  112  10:07  Planetary Fortress  
  61  11:09  Siege Tank  
  61  11:10  Siege Tank, Marine x2  
  61  11:17  Command Center  
  59  11:28  Widow Mine x2  
  59  11:30  Marine x2  
  65  11:41  Siege Tank  
  65  11:42  Siege Tank  
  65  11:44  SCV  
  72  11:48  Supply Depot x2  
  72  11:56  SCV  
  73  12:08  SCV, Marine x2  
  74  12:10  Widow Mine x2  
  74  12:13  Siege Tank  
  74  12:14  Siege Tank  
  86  12:17  SCV  
  86  12:22  Terran Vehicle Weapons Level 2  
  87  12:28  Refinery  
  87  12:29  SCV  
  88  12:41  SCV  
  89  12:45  Siege Tank  
  89  12:46  Siege Tank  
  95  12:53  SCV  
  95  13:08  SCV, Marine  
  95  13:09  Marine  
  98  13:17  SCV, Siege Tank  
  98  13:18  Siege Tank  
  105  13:20  SCV  
  105  13:26  Marine x2  
  108  13:29  SCV  
  108  13:32  SCV  
  111  13:41  SCV  
  111  13:44  Marine  
  112  13:49  Command Center  
  112  13:50  Siege Tank  
  112  13:53  SCV  
  97  14:05  SCV  
  75  14:17  SCV  
  76  14:25  Siege Tank  
  76  14:26  Siege Tank  
  76  14:27  Widow Mine x2  
  76  14:29  SCV, Viking  
  76  14:30  Viking  
  91  14:41  SCV  
  91  14:44  Command Center, Supply Depot  
  92  14:47  Supply Depot  
  86  14:54  SCV  
  86  14:55  Widow Mine  
  86  14:56  Widow Mine  
  86  14:58  Factory  
  86  14:59  Factory  
  91  15:15  SCV  
  92  15:24  Widow Mine x2  
  92  15:27  SCV  
  97  15:34  SCV  
  98  15:37  Supply Depot  
  98  15:38  Supply Depot  
  98  15:39  SCV  
  99  15:46  SCV  
  99  15:47  Factory Tech Lab  
  99  15:48  Factory Tech Lab  
  99  15:49  Siege Tank x2  
  106  15:51  Command Center, SCV  
  106  15:52  Widow Mine  
  76  16:53  Siege Tank  
  76  16:54  Siege Tank  
Show
View Real Time Build Order
Export as new Build Order

SticklerMac Zerg - Winner!

Build Orders: Pool First 

Get SALT Encoding   

  12  0:01  Drone  
  13  0:08  Drone  
  14  0:17  Overlord  
  14  0:36  Drone x3  
  17  0:47  Drone, Spawning Pool  
  17  0:59  Drone  
  18  1:11  Drone  
  19  1:19  Hatchery  
  19  1:22  Drone  
  19  1:27  Extractor  
  19  1:32  Drone  
  19  1:34  Queen  
  21  1:41  Drone  
  22  1:59  Overlord  
  22  2:05  Overlord  
  22  2:18  Drone  
  23  2:24  Drone  
  23  2:26  Queen  
  23  2:28  Metabolic Boost  
  26  2:35  Drone  
  26  2:36  Drone  
  28  2:39  Queen  
  28  2:41  Drone  
  31  2:50  Drone x2  
  33  2:53  Drone  
  33  2:54  Drone x3  
  33  2:55  Extractor  
  36  3:03  Drone  
  37  3:05  Drone  
  38  3:22  Drone x4  
  38  3:23  Drone x2  
  44  3:34  Overlord x2  
  44  3:52  Spine Crawler x2  
  44  3:55  Spine Crawler  
  41  3:56  Drone  
  41  3:57  Drone, Spine Crawler  
  41  3:59  Drone x2  
  41  4:00  Drone x6  
  50  4:09  Zergling x4  
  52  4:10  Zergling x2  
  52  4:11  Baneling Nest  
  52  4:24  Queen  
  52  4:26  Extractor  
  52  4:27  Zergling x4  
  52  4:28  Extractor  
  54  4:38  Zergling x4  
  54  4:39  Zergling x6  
  54  4:41  Zergling x2  
  60  4:48  Hatchery  
  59  4:55  Drone  
  59  4:58  Overlord x4  
  60  5:18  Baneling  
  60  5:19  Roach Warren  
  60  5:20  Baneling x2  
  59  5:27  Drone x2  
  59  5:28  Drone x3  
  64  5:36  Queen  
  64  5:37  Queen  
  68  6:02  Drone x4  
  68  6:03  Roach  
  68  6:04  Roach x8  
  90  6:05  Overlord  
  90  6:06  Overlord  
  90  6:17  Queen  
  92  6:22  Roach x3  
  92  6:23  Overlord  
  92  6:24  Roach  
  100  6:39  Roach x5  
  112  6:40  Roach  
  112  6:49  Lair  
  112  6:51  Roach x4  
  116  7:03  Zergling x2  
  116  7:05  Roach x2  
  102  7:24  Roach x3  
  102  7:25  Roach x4  
  107  7:37  Roach x2  
  107  7:38  Spore Crawler  
  107  7:40  Roach  
  112  7:50  Roach  
  112  7:51  Roach x6  
  104  7:52  Roach  
  100  8:08  Roach x3  
  106  8:19  Roach  
  106  8:51  Queen  
  104  8:59  Roach  
  104  9:01  Overlord x6  
  104  9:02  Overlord x2  
  106  9:04  Glial Reconstitution  
  106  9:14  Evolution Chamber  
  105  9:17  Zergling x2  
  105  9:19  Evolution Chamber  
  105  9:24  Spire  
  104  9:36  Overseer  
  102  9:39  Overseer  
  102  9:50  Roach  
  102  9:51  Roach x20  
  102  9:52  Roach x10  
  164  9:53  Roach  
  164  9:59  Drone x2  
  169  10:00  Drone x2  
  169  10:06  Zerg Missile Weapons Level 1  
  170  10:09  Zerg Ground Armor Level 1  
  170  10:18  Overlord x2  
  170  10:19  Overlord  
  170  10:42  Ravager x6  
  176  10:43  Ravager x6  
  176  10:44  Ravager x4  
  153  11:09  Roach  
  153  11:10  Roach  
  153  11:11  Roach x5  
  162  11:41  Overlord  
  162  11:42  Overlord x7  
  162  11:43  Overlord  
  162  12:05  Zerg Ground Armor Level 2, Zerg Missile Weapons Level 2  
  162  12:06  Roach  
  162  12:07  Roach x16  
  162  12:08  Roach  
  198  12:14  Overseer  
  198  12:47  Unknown  
  191  13:02  Ravager  
  191  13:03  Ravager x7  
  199  13:10  Overseer  
  199  13:13  Overseer  
  199  13:21  Ravager  
  85  14:11  Roach  
  85  14:12  Roach x18  
  85  14:13  Roach x5  
  108  14:24  Roach x4  
  113  14:35  Roach x4  
  113  14:36  Zergling x14  
  113  14:37  Zergling x30  
  113  14:38  Zergling x2  
  144  14:56  Roach  
  144  14:57  Roach x5  
  156  15:54  Hatchery  
  155  15:58  Hatchery  
  154  16:07  Roach x8  
  170  16:18  Hatchery  
  168  16:37  Roach  
  168  16:38  Roach x6  
  178  17:00  Roach  
  164  17:01  Roach x2  
  164  17:02  Roach  
Tags
 
Add a new tag
Caveats
  • Supply blocks, unpowered buildings, or Contaminate may cause inaccurate times.
  • Supply counts are checked every 10 seconds.